 Dungeon Crawl Stone Soup version 0.19-a0-1097-g38e3b35 (webtiles) character file.

1157 seren the Cleaver (level 8, -1/68 HPs)
             Began as a Deep Dwarf Fighter on Aug 8, 2016.
             Shot with an arrow by a centaur (10 damage)
             ... on level 6 of the Dungeon.
             The game lasted 00:23:36 (4612 turns).

seren the Cleaver (Deep Dwarf Fighter)              Turns: 4612, Time: 00:23:36

Health: -1/68      AC:  9    Str: 22    XL:     8   Next: 16%
Magic:  6/6        EV:  7    Int:  8    God:
Gold:   271        SH: 10    Dex: 13    Spells: 1 memorised, 6 levels left

rFire  . . .     SeeInvis .     a - +0 war axe
rCold  . . .     Gourm    .     b - +0 scale mail
rNeg   . . .     Faith    .     c - +0 shield
rPois  .         Spirit   .     y - +0 helmet
rElec  .         Dismiss  .     (no cloak)
rCorr  .         Reflect  .     s - +0 pair of gloves
SustAt .         Harm     .     (no boots)
MR     +....                    (no amulet)
Stlth  ..........               (no ring)
                                w - ring of flight

@: non-regenerating
A: damage resistance, recharge devices, sense surroundings 1, slow regeneration
3
a: Device Recharging, Evoke Flight


You were on level 6 of the Dungeon.
You were hungry.

You visited 1 branch of the dungeon, and saw 6 of its levels.

You collected 271 gold pieces.

Inventory:

Hand Weapons
 a - a +0 war axe (weapon)
 u - a +0 blowgun
Missiles
 o - 104 stones
 r - 4 tomahawks (quivered)
 z - 23 poisoned needles
Armour
 b - a +0 scale mail (worn)
 c - a +0 shield (worn)
 s - a +0 pair of gloves (worn)
 y - a +0 helmet (worn)
 B - a +0 buckler
Jewellery
 w - a ring of flight (left hand)
Wands
 e - a wand of heal wounds (1/9)
 x - a wand of paralysis (10/24)
Scrolls
 j - a scroll of remove curse
 k - a scroll of recharging {unknown}
 n - a scroll of identify {unknown}
 p - a scroll of teleportation
 t - a scroll of immolation {unknown}
 A - a scroll of blinking {unknown}
Potions
 d - a potion of might
 g - 4 potions of curing
 h - a potion of cancellation {unknown}
 i - 2 potions of brilliance {unknown}
 l - a potion of degeneration {unknown}
 m - a potion of flight {unknown}
 q - a potion of lignification {unknown}
 v - 2 potions of heal wounds {unknown}
 D - a potion of agility {unknown}
Comestibles
 f - 3 bread rations
 C - 2 meat rations
 E - 2 chunks of flesh


   Skills:
 - Level 2.6 Fighting
 + Level 9.7 Axes
 - Level 4.5 Armour
 - Level 4.7 Shields


You had 6 spell levels left.
You knew the following spells:

 Your Spells              Type           Power        Failure   Level  Hunger
a - Apportation           Tloc           #.........   100%        1    ##.....


Dungeon Overview and Level Annotations

Branches:
Dungeon (6/15)
 Temple: D:4-7

Altars:
Ashenzari
Dithmenos
Hepliaklqana
Kikubaaqudgha
Okawaru
Sif Muna
Vehumet
Yredelemnul

Annotations:
D:2 Natasha
D:5 exclusion: door
D:6 Menkaure


Innate Abilities, Weirdness & Mutations

You are resistant to damage.
You can recharge devices by infusing magical energy.
You passively map a small area around you.
You do not regenerate naturally.


Message History

The centaur shouts!
The centaur wields a shortbow.
The centaur shoots an arrow.
You block the arrow.
You see here an arrow.
The centaur shoots an arrow.
The arrow hits you!
The centaur shoots an arrow.
The arrow hits you but does no damage.
You see here an arrow.
The centaur shoots an arrow.
You block the arrow.
You see here an arrow.
The centaur shoots an arrow.
The arrow hits you!
* * * LOW HITPOINT WARNING * * *
You see here an arrow.
You are too injured to fight recklessly!
You are too injured to fight recklessly!
You are too injured to fight recklessly!
You are too injured to fight recklessly!
The centaur shoots an arrow.
The arrow hits you!
* * * LOW HITPOINT WARNING * * *
The centaur shoots an arrow.
The arrow hits you!
You die...

#...............
** ,
#...............
,,
#...............
,
#...............
,
#............>..
#######....##+#
#.(..# + #.(..#
* #@(..#, ,
#(...# ,
...........# * *
...........# *
...........# *
....c......# *
############ *,
, ,


You could see a centaur.

Vanquished Creatures
  2 ogres
  A big kobold (D:4)
  2 scorpions
  A giant frog zombie (D:5)
  2 crimson imps (D:5)
  2 orc priests
  3 hounds
  6 orc wizards
  A giant frog skeleton (D:5)
  An iguana (D:4)
  Natasha (twice) (D:2)
  Terence (D:2)
  3 worker ants
  3 gnolls (D:2)
  5 adders
  A shadow imp (D:5)
  An ooze (D:4)
  2 worms (D:3)
  2 dart slugs
  3 giant geckos
  13 orcs
  A ball python (D:1)
  3 giant cockroaches
  10 goblins
  2 hobgoblins
  17 jackals
  7 quokkas
  2 bats (D:2)
  2 giant newts (D:1)
  10 kobolds
  A quokka zombie (D:5)
  9 rats
121 creatures vanquished.

Vanquished Creatures (others)
  A plant (D:4)
1 creature vanquished.

Grand Total: 122 creatures vanquished

Notes
Turn   | Place    | Note
-------+----------+-------------------------------------------
     0 | D:1      | seren the Deep Dwarf Fighter began the quest for the Orb.
     0 | D:1      | Reached XP level 1. HP: 20/20 MP: 1/1
   284 | D:1      | Reached XP level 2. HP: 25/27 MP: 2/2
   722 | D:2      | Noticed Natasha
   736 | D:2      | Reached XP level 3. HP: 26/33 MP: 3/3
   750 | D:2      | Reached skill level 3 in Axes
   754 | D:2      | Killed Natasha
   754 | D:2      | Reached XP level 4. HP: 29/40 MP: 4/4
   897 | D:2      | Found a shattered altar of Ashenzari.
   913 | D:2      | Noticed Terence
   927 | D:2      | Killed Terence
   997 | D:2      | Noticed Natasha
  1010 | D:2      | Killed Natasha
  1010 | D:2      | Reached XP level 5. HP: 32/46 MP: 5/5
  1191 | D:2      | Noticed Natasha
  1719 | D:3      | Reached skill level 4 in Axes
  2000 | D:3      | Reached skill level 5 in Axes
  2065 | D:4      | Reached XP level 6. HP: 29/55 MP: 6/6
  2243 | D:4      | Found a hazy altar of Hepliaklqana.
  2504 | D:4      | Reached skill level 6 in Axes
  2570 | D:4      | Found a shadowy altar of Dithmenos.
  2846 | D:3      | Reached skill level 7 in Axes
  2846 | D:3      | Reached XP level 7. HP: 16/61 MP: 7/7
  3138 | D:5      | Entered Level 5 of the Dungeon
  3211 | D:5      | Found an iron altar of Okawaru.
  3260 | D:5      | Found a radiant altar of Vehumet.
  3260 | D:5      | Found an ancient bone altar of Kikubaaqudgha.
  3261 | D:5      | Found a deep blue altar of Sif Muna.
  3268 | D:5      | Identified Sif Muna's Volume of the Traveller
  3276 | D:5      | Learned a level 1 spell: Apportation
  3523 | D:5      | Reached skill level 8 in Axes
  3996 | D:5      | Reached skill level 9 in Axes
  4047 | D:5      | Found a basalt altar of Yredelemnul.
  4081 | D:5      | Reached XP level 8. HP: 32/68 MP: 6/6
  4495 | D:6      | Noticed Menkaure
  4612 | D:6      | Shot with an arrow by a centaur

Vault maps used:
D:1:      mushboom_english_gardens
D:2:      nicolae_overflow_crystal_walls, uniq_natasha, uniq_terence
D:4:      grunt_dithmenos_smoke_and_mirrors, overflow_temple_1_default,
          first_bread, lexackson_kobold_supper
D:5:      grunt_temple_overflow_magic_moments, old_standard_altar,
          yredelemnul_forgotten_temple_becter, st_stairs_9
D:6:      slow_altar_1, bloody_trog, uniq_menkaure, uniq_blork_the_orc,
          uniq_crazy_yiuf_cottage

Skill      XL: |  1  2  3  4  5  6  7 |
---------------+----------------------+-----
Shields        | 4 |  4.7
Armour         | 4 |  4.5
Axes           | 3 5 7 9 |  9.7
Fighting       | |  2.6

Action                   |  1- 3 |  4- 6 |  7- 9 || total
-------------------------+-------+-------+-------++-------
Melee: War axe           |    83 |   212 |   210 ||   505
 Fire: Blowgun           |       |       |    18 ||    18
Throw: Stone             |       |    20 |     5 ||    25
       Tomahawk          |       |       |    15 ||    15
 Abil: Device Recharging |       |       |     2 ||     2
Evoke: Wand              |       |     4 |     6 ||    10
  Use: Potion            |       |     1 |     1 ||     2
       Scroll            |       |     2 |     1 ||     3
 Stab: Distracted        |       |     1 |       ||     1
  Eat: Chunk             |       |     7 |     2 ||     9
       Beef jerky        |       |       |     1 ||     1
       Pizza             |       |       |     1 ||     1
Armor: Scale mail        |    39 |    82 |   104 ||   225
Dodge: Dodged            |    17 |    53 |    54 ||   124
Block: Shield            |    41 |   116 |    97 ||   254
